PIO (24 & UNDER)
JASPER COUGARS @ COLORADO COMMANDERS
05/13/2023
 
TOP OF THE 1ST
Jasper Cougars batting - Pitching for Colorado Commanders : RHP Kenshin Kubota
Pitching: RHP Kenshin Kubota
Batting: RHB Dave Parker 0-0: Ball
1-0: Called Strike
1-1: Fly out, F3 (Popup, 3F)
Batting: LHB Jon Scott 0-0: Ball
1-0: Called Strike
1-1: Ball
2-1: Foul Ball, location: 2F
2-2: Ball
3-2: Foul Ball, location: 2F
3-2: Foul Ball, location: 2F
3-2: Foul Ball, location: 2F
3-2: Fly out, F7 (Flyball, 78S)
Batting: RHB Earl Wiggins 0-0: Ball
1-0: Foul Ball, location: 2F
1-1: Ball
2-1: Ball
3-1: Reached on Error, E8 (Flyball, 8LM)
Batting: RHB Jesús Hernández 0-0: Ball
1-0: 2-RUN HOME RUN (Flyball, 9D), Distance : 375 ft
Batting: SHB Ron Edwards 0-0: Ball
1-0: Called Strike
1-1: Ground out 4-3 (Groundball, 4M)
Top of the 1st over - 2 run(s), 1 hit(s), 1 error(s), 0 left on base; Jasper 2 - Colorado 0
BOTTOM OF THE 1ST
Colorado Commanders batting - Pitching for Jasper Cougars : LHP Júlio Aguilar
Pitching: LHP Júlio Aguilar
Batting: LHB Rafael Delgado 0-0: Bunt missed!
0-1: Ball
1-1: Foul Ball, location: 2F
1-2: Ground out 4-3 (Groundball, 4)
Batting: RHB John Riley 0-0: Ball
1-0: Called Strike
1-1: DOUBLE (Flyball, 7LS)
Batting: SHB António Hernández 0-0: Ball
1-0: Ball
2-0: Fly out, F8 (Flyball, 8RM)
Batting: RHB Wallace Greene 0-0: Called Strike
0-1: Ground out 4-3 (Groundball, 34)
Bottom of the 1st over - 0 run(s), 1 hit(s), 0 error(s), 1 left on base; Jasper 2 - Colorado 0
TOP OF THE 2ND
Jasper Cougars batting - Pitching for Colorado Commanders : RHP Kenshin Kubota
Batting: RHB Dan Hooper 0-0: Called Strike
0-1: Foul Ball, location: 2F
0-2: Ball
1-2: Foul Ball, location: 2F
1-2: Strikes out swinging
Batting: LHB Pepe Vázquez 0-0: Called Strike
0-1: Ground out 4-3 (Groundball, 34)
Batting: RHB Juan Carlos 0-0: Ball
1-0: Ball
2-0: Ball
3-0: Called Strike
3-1: Foul Ball, location: 2F
3-2: Strikes out swinging
Top of the 2nd over - 0 run(s), 0 hit(s), 0 error(s), 0 left on base; Jasper 2 - Colorado 0
BOTTOM OF THE 2ND
Colorado Commanders batting - Pitching for Jasper Cougars : LHP Júlio Aguilar
Batting: RHB Emílio Bruno 0-0: Ball
1-0: Foul Ball, location: 2F
1-1: Ball
2-1: Swinging Strike
2-2: Foul Ball, location: 2F
2-2: Ball
3-2: Base on Balls
Batting: RHB Arnold Harmon 0-0: Called Strike
0-1: Foul Ball, location: 2F
0-2: Foul Ball, location: 2F
0-2: Ball
1-2: Ball
2-2: Foul Ball, location: 2F
2-2: SINGLE (Groundball, 4M)
Emílio Bruno to second
Pitching: RHP Steve Snyder
Batting: RHB Richard Wilkins 0-0: Foul Ball, location: 2F
0-1: Ball
1-1: Called Strike
1-2: Foul Ball, location: 2F
1-2: Foul Ball, location: 2F
1-2: Strikes out swinging
Batting: RHB Xavier De La Cruz 0-0: Called Strike
0-1: Foul Ball, location: 2F
0-2: TRIPLE (Line Drive, 89M)
Emílio Bruno scores
Arnold Harmon scores
Batting: RHB Keith Jones 0-0: Called Strike
0-1: SINGLE (Line Drive, 9LS)
Xavier De La Cruz scores
Batting: LHB Rafael Delgado 0-0: Called Strike
0-1: Called Strike
0-2: Ball
1-2: Foul Ball, location: 2F
1-2: Strikes out swinging
Batting: RHB John Riley 0-0: Foul Ball, location: 2F
0-1: Ball
1-1: Swinging Strike
1-2: SINGLE (Groundball, 6MD)
Keith Jones to second
Keith Jones to third
Batting: SHB António Hernández 0-0: Called Strike
0-1: Ball
1-1: Called Strike
1-2: Ground out 4-3 (Groundball, 4)
Bottom of the 2nd over - 3 run(s), 4 hit(s), 0 error(s), 2 left on base; Jasper 2 - Colorado 3
TOP OF THE 3RD
Jasper Cougars batting - Pitching for Colorado Commanders : RHP Kenshin Kubota
Batting: RHB Greg King 0-0: Swinging Strike
0-1: Ball
1-1: Foul Ball, location: 2F
1-2: Ball
2-2: Foul Ball, location: 2F
2-2: Foul Ball, location: 2F
2-2: Foul Ball, location: 2F
2-2: Ball
3-2: Foul Ball, location: 2F
3-2: Foul Ball, location: 2F
3-2: Strikes out swinging
Batting: RHB Dave Parker 0-0: Ball
1-0: Ball
2-0: Called Strike
2-1: Foul Ball, location: 2F
2-2: SINGLE (Line Drive, 9S)
Batting: LHB Jon Scott 0-0: Called Strike
0-1: Ball
1-1: Fly out, F8 (Flyball, 8RM)
Batting: RHB Earl Wiggins 0-0: Ball
1-0: Called Strike
1-1: Foul Ball, location: 2F
1-2: Strikes out looking
Top of the 3rd over - 0 run(s), 1 hit(s), 0 error(s), 1 left on base; Jasper 2 - Colorado 3
BOTTOM OF THE 3RD
Colorado Commanders batting - Pitching for Jasper Cougars : RHP Steve Snyder
Batting: RHB Wallace Greene 0-0: Ball
1-0: Ball
2-0: Fly out, F9 (Flyball, 9LM)
Batting: RHB Emílio Bruno 0-0: SOLO HOME RUN (Flyball, 9D), Distance : 388 ft
Batting: RHB Arnold Harmon 0-0: Called Strike
0-1: Ball
1-1: Called Strike
1-2: Foul Ball, location: 2F
1-2: Ball
2-2: Foul Ball, location: 2F
2-2: Ball
3-2: Ground out 2-3 (Groundball, 2L)
Batting: RHB Richard Wilkins 0-0: Ball
1-0: Called Strike
1-1: Ball
2-1: Fly out, F9 (Flyball, 9M)
Bottom of the 3rd over - 1 run(s), 1 hit(s), 0 error(s), 0 left on base; Jasper 2 - Colorado 4
TOP OF THE 4TH
Jasper Cougars batting - Pitching for Colorado Commanders : RHP Kenshin Kubota
Batting: RHB Jesús Hernández 0-0: Foul Ball, location: 2F
0-1: Ball
1-1: Ball
2-1: Ball
3-1: Base on Balls
Batting: SHB Ron Edwards 0-0: Ball
Passed Ball!
Jesús Hernández to second
1-0: Called Strike
1-1: Foul Ball, location: 2F
1-2: Ground out U3 (Groundball, 3S)
Jesús Hernández to third
Batting: RHB Dan Hooper 0-0: Called Strike
0-1: Called Strike
0-2: Strikes out swinging
Batting: LHB Pepe Vázquez 0-0: SINGLE (Groundball, 34)
Jesús Hernández scores
Batting: RHB Juan Carlos 0-0: Foul Ball, location: 2F
0-1: Swinging Strike
0-2: Strikes out swinging
Top of the 4th over - 1 run(s), 1 hit(s), 0 error(s), 1 left on base; Jasper 3 - Colorado 4
BOTTOM OF THE 4TH
Colorado Commanders batting - Pitching for Jasper Cougars : RHP Steve Snyder
Batting: RHB Xavier De La Cruz 0-0: Ball
1-0: Ground out 6-3 (Groundball, 6)
Batting: RHB Keith Jones 0-0: Ball
1-0: Foul Ball, location: 2F
1-1: Foul Ball, location: 2F
1-2: Strikes out swinging
Batting: LHB Rafael Delgado 0-0: Ground out 1-3 (Groundball, 25)
Bottom of the 4th over - 0 run(s), 0 hit(s), 0 error(s), 0 left on base; Jasper 3 - Colorado 4
TOP OF THE 5TH
Jasper Cougars batting - Pitching for Colorado Commanders : RHP Kenshin Kubota
Batting: RHB Greg King 0-0: Foul Ball, location: 2F
0-1: Ball
1-1: Called Strike
1-2: Foul Ball, location: 2F
1-2: Ground out 4-3 (Groundball, 34)
Batting: RHB Dave Parker 0-0: Ball
1-0: Ball
2-0: Ball
3-0: Called Strike
3-1: Base on Balls
Pitching: RHP Tomás Rodríguez
Batting: LHB Jon Scott 0-0: Ball
Passed Ball!
Dave Parker to second
1-0: Ball
2-0: Ball
3-0: Called Strike
3-1: Base on Balls
Batting: RHB Earl Wiggins 0-0: Swinging Strike
0-1: Ball
1-1: Foul Ball, location: 2F
1-2: Foul Ball, location: 2F
1-2: Strikes out looking
Batting: RHB Jesús Hernández 0-0: Ball
1-0: Ball
2-0: Ball
3-0: Called Strike
3-1: Fly out, F7 (Flyball, 7S)
Top of the 5th over - 0 run(s), 0 hit(s), 0 error(s), 2 left on base; Jasper 3 - Colorado 4
BOTTOM OF THE 5TH
Colorado Commanders batting - Pitching for Jasper Cougars : RHP Steve Snyder
Batting: RHB John Riley 0-0: Swinging Strike
0-1: Ball
1-1: SINGLE (Line Drive, 9S)
Batting: SHB António Hernández 0-0: Swinging Strike
0-1: Ball
1-1: Swinging Strike
1-2: Strikes out looking
Batting: RHB Wallace Greene 0-0: Foul Ball, location: 2F
0-1: Called Strike
0-2: Ball
John Riley is caught stealing 2nd base
1-2: Ball
2-2: Ball
3-2: Foul Ball, location: 2F
3-2: Foul Ball, location: 2F
3-2: Foul Ball, location: 2F
3-2: Strikes out swinging
Bottom of the 5th over - 0 run(s), 1 hit(s), 0 error(s), 0 left on base; Jasper 3 - Colorado 4
TOP OF THE 6TH
Jasper Cougars batting - Pitching for Colorado Commanders : RHP Tomás Rodríguez
Batting: SHB Ron Edwards 0-0: Called Strike
0-1: Ball
1-1: Ball
2-1: Ball
3-1: Foul Ball, location: 2F
3-2: Ground out 3-1 (Groundball, 34)
Batting: RHB Dan Hooper 0-0: Ball
1-0: Called Strike
1-1: Called Strike
1-2: Ball
2-2: Ball
3-2: Foul Ball, location: 2F
3-2: Strikes out swinging
Batting: LHB Pepe Vázquez 0-0: Ground out 5-3 (Groundball, 5S)
Top of the 6th over - 0 run(s), 0 hit(s), 0 error(s), 0 left on base; Jasper 3 - Colorado 4
BOTTOM OF THE 6TH
Colorado Commanders batting - Pitching for Jasper Cougars : RHP Steve Snyder
Pitching: RHP Brad White
Batting: RHB Emílio Bruno 0-0: Called Strike
0-1: Swinging Strike
0-2: Fly out, F9 (Line Drive, 9M)
Batting: RHB Arnold Harmon 0-0: Ball
1-0: Swinging Strike
1-1: Foul Ball, location: 2F
1-2: Ball
2-2: Strikes out swinging
Batting: RHB Richard Wilkins 0-0: Called Strike
0-1: Ball
1-1: Swinging Strike
1-2: Ball
2-2: Strikes out swinging
Bottom of the 6th over - 0 run(s), 0 hit(s), 0 error(s), 0 left on base; Jasper 3 - Colorado 4
TOP OF THE 7TH
Jasper Cougars batting - Pitching for Colorado Commanders : RHP Tomás Rodríguez
Batting: RHB Juan Carlos 0-0: Ball
1-0: Ball
2-0: Ground out 4-3 (Groundball, 4)
Pitching: LHP Albert Alonzo
Batting: RHB Greg King 0-0: Called Strike
0-1: Ball
1-1: Foul Ball, location: 2F
1-2: Ball
2-2: Ground out 6-3 (Groundball, 6)
Batting: RHB Dave Parker 0-0: Foul Ball, location: 2F
0-1: Called Strike
0-2: Strikes out looking
Top of the 7th over - 0 run(s), 0 hit(s), 0 error(s), 0 left on base; Jasper 3 - Colorado 4
BOTTOM OF THE 7TH
Colorado Commanders batting - Pitching for Jasper Cougars : RHP Brad White
Batting: RHB Xavier De La Cruz 0-0: Ball
1-0: Foul Ball, location: 2F
1-1: Ball
2-1: Ground out 5-3 (Groundball, 5S)
Batting: RHB Keith Jones 0-0: Foul Ball, location: 2F
0-1: Ball
1-1: Ball
2-1: Swinging Strike
2-2: Strikes out looking
Batting: LHB Rafael Delgado 0-0: Ball
1-0: Ball
2-0: Ball
3-0: Base on Balls
Pinch Hitting: SHB Scott Compton 0-0: Ball
Rafael Delgado steals 2nd base
1-0: Fly out, F8 (Line Drive, 8RM)
Bottom of the 7th over - 0 run(s), 0 hit(s), 0 error(s), 1 left on base; Jasper 3 - Colorado 4
TOP OF THE 8TH
Jasper Cougars batting - Pitching for Colorado Commanders : LHP Albert Alonzo
Pitching: LHP Jerry Beck
Now at SS: Earnest Turner
Batting: LHB Jon Scott 0-0: Ball
1-0: Foul Ball, location: 2F
1-1: Foul Ball, location: 2F
1-2: Ball
2-2: Ball
3-2: Fly out, F7 (Flyball, 7S)
Batting: RHB Earl Wiggins 0-0: Called Strike
0-1: DOUBLE (Groundball, 5L)
Batting: RHB Jesús Hernández 0-0: Foul Ball, location: 2F
0-1: Ball
1-1: Ball
2-1: Ball
3-1: Base on Balls
Batting: SHB Ron Edwards 0-0: Ball
1-0: Ball
2-0: Ball
3-0: Base on Balls
Earl Wiggins to third
Jesús Hernández to second
Batting: RHB Dan Hooper 0-0: Swinging Strike
0-1: Foul Ball, location: 2F
0-2: Strikes out looking
Pinch Hitting: RHB Juan Vázquez 0-0: Ball
1-0: Called Strike
1-1: Swinging Strike
1-2: Foul Ball, location: 2F
1-2: Strikes out swinging
Top of the 8th over - 0 run(s), 1 hit(s), 0 error(s), 3 left on base; Jasper 3 - Colorado 4
BOTTOM OF THE 8TH
Colorado Commanders batting - Pitching for Jasper Cougars : RHP Brad White
Pitching: RHP José Orozco
Now in CF: Manuel Pérez
Batting: SHB António Hernández 0-0: Swinging Strike
0-1: Ball
1-1: Called Strike
1-2: SINGLE (Flyball, 4MD)
Batting: RHB Wallace Greene 0-0: Ball
1-0: Called Strike
1-1: Ball
2-1: SINGLE (Line Drive, 34D)
António Hernández to second
Batting: RHB Emílio Bruno 0-0: SINGLE (Flyball, 9LM)
António Hernández to third
Wallace Greene to second
Batting: RHB Arnold Harmon 0-0: Ball
1-0: Swinging Strike
1-1: SINGLE (Groundball, 6M)
António Hernández scores
Wallace Greene to third
Emílio Bruno to second
Runner from 3rd tries for Home, throw and OUT!
Emílio Bruno to third
Arnold Harmon to second
Batting: RHB Richard Wilkins 0-0: SINGLE (Groundball, 6MD)
Emílio Bruno scores
Arnold Harmon to third
Batting: RHB Xavier De La Cruz 0-0: Called Strike
0-1: Ball
1-1: Ball
2-1: Fly out, F7 (Flyball, 7M)
Runner from 3rd tags up, SCORES, no throw
Pitching: RHP José Vargas
Batting: RHB Keith Jones 0-0: Ball
1-0: Swinging Strike
1-1: Foul Ball, location: 2F
1-2: Foul Ball, location: 2F
1-2: Ball
2-2: Ball
3-2: Base on Balls
Richard Wilkins to second
Batting: LHB Rafael Delgado 0-0: Hit by Pitch
Richard Wilkins to third
Keith Jones to second
Batting: RHB Earnest Turner 0-0: Ball
1-0: Ball
2-0: Called Strike
2-1: Swinging Strike
2-2: Strikes out swinging
Bottom of the 8th over - 3 run(s), 5 hit(s), 0 error(s), 3 left on base; Jasper 3 - Colorado 7
TOP OF THE 9TH
Jasper Cougars batting - Pitching for Colorado Commanders : LHP Jerry Beck
Batting: RHB Juan Carlos 0-0: Called Strike
0-1: Swinging Strike
0-2: Ball
1-2: Foul Ball, location: 2F
1-2: Foul Ball, location: 2F
1-2: Strikes out swinging
Batting: RHB Greg King 0-0: Foul Ball, location: 2F
0-1: Foul Ball, location: 2F
0-2: Ball
1-2: Strikes out looking
Pitching: RHP Tony Henderson
Batting: RHB Dave Parker 0-0: Ball
1-0: Called Strike
1-1: SINGLE (Line Drive, 56D)
Batting: LHB Jon Scott 0-0: Foul Ball, location: 2F
0-1: Swinging Strike
0-2: Fielders Choice at 2nd, U4 (Groundball, 4M)
Top of the 9th over - 0 run(s), 1 hit(s), 0 error(s), 1 left on base; Jasper 3 - Colorado 7
This league is powered by Out of the Park Baseball, the baseball management simulation game for PC, Mac and Linux
Wednesday, December 2nd, 2015 - OOTP Baseball 16.8 Build 38